 Dungeon Crawl Stone Soup version 0.23.0-33-g5e6c059 (webtiles) character file.

Game seed: 6687849501893611565

94 kidcy the Poker (level 4, 0/51 HPs)
             Began as a Merfolk Skald on Feb 26, 2019.
             Succumbed to a scorpion's poison
             ... on level 4 of the Dungeon.
             The game lasted 00:04:36 (2875 turns).

kidcy the Poker (Merfolk Skald)                     Turns: 2875, Time: 00:04:37

Health: 0/51       AC: 22    Str:  8 (11) XL:     4   Next: 63%
Magic:  5/7        EV:  2    Int: 10 (12) God:
Gold:   173        SH:  0    Dex: 12 (14) Spells: 2/8 levels left

rFire    . . .     SeeInvis .   a - +0 spear
rCold    . . .     Gourm    .   (no shield)
rNeg     + + +     Faith    .   (armour currently unavailable)
rPois    +         Spirit   .   (helmet currently unavailable)
rElec    .         Reflect  .   (cloak currently unavailable)
rCorr    .         Harm     .   (gloves currently unavailable)
MR       .....     NoTele   +   (boots currently unavailable)
Stlth    +.........             (no amulet)
HPRegen  0.17/turn              (no ring)
MPRegen  0.10/turn              (no ring)

@: lethally poisoned (0 -> -5), tree-form, very slightly contaminated, hasted,
invisible, very quick
A: (change form in water), (swift swim), (stealthy swim), subdued magic 1,
MP-powered wands
a: no special abilities


You were on level 4 of the Dungeon.
You were not hungry.
You were a tree.
You visited 1 branch of the dungeon, and saw 4 of its levels.

You collected 173 gold pieces.

Inventory:

Hand Weapons
 a - a +0 spear (weapon)
Armour
 b - a +0 leather armour (melded)
 s - a +0 pair of gloves (melded)
Jewellery
 c - an uncursed ring of resist corrosion {unknown}
 m - a +5 ring of protection {unknown}
Scrolls
 e - a scroll of amnesia {unknown}
 g - a scroll of fog {unknown}
 h - 5 scrolls of identify {unknown}
 j - 2 scrolls of remove curse {unknown}
 l - a scroll of enchant weapon {unknown}
 n - a scroll of random uselessness {unknown}
 p - a scroll of magic mapping {unknown}
 q - a scroll of blinking {unknown}
 t - a scroll of fear {unknown}
Potions
 k - a potion of lignification
 o - a potion of degeneration
Comestibles
 d - 2 rations
 r - a chunk of flesh


   Skills:
 + Level 2.9 Fighting
 * Level 4.9 Polearms
 - Level 0.6 Armour
 - Level 2.6 Dodging
 + Level 2.6 Spellcasting
 + Level 3.9 Charms


You had 2 spell levels left.
You knew the following spells:

 Your Spells              Type           Power        Failure   Level  Hunger
a - Infusion              Chrm           #...         4%          1    ##.....
b - Shroud of Golubria    Chrm/Tloc      #.........   17%         2    ###....
c - Regeneration          Chrm/Necr      #.........   32%         3    ####...

Your spell library contained the following spells:

 Spells                   Type           Power        Failure   Level  Hunger
 Song of Slaying          Chrm           #.......     7%          2    ###....
 Spectral Weapon          Hex/Chrm       #.......     32%         3    ####...


Dungeon Overview and Level Annotations

Branches:
Dungeon (4/15)
 Temple: D:4-7

Altars:
Cheibriados
Fedhas
Trog
Yredelemnul

Annotations:
D:2 exclusion: oklob plant


Innate Abilities, Weirdness & Mutations

((You revert to your normal form in water))
((You are very nimble and swift while swimming.))
((You are very stealthy in the water. (Stealth+)))
((You have sharp fingernails.))
((You have a pair of small horns on your head.))
Your spells are a little easier to cast, but a little less powerful.
You expend magic power (3 MP) to strengthen your wands.


Message History

It was a potion of degeneration.
There was something very wrong with that liquid.
You feel weakened.
You feel dopey.
You feel clumsy.
It was a potion of invisibility.
You fade into invisibility!
* * * LOW HITPOINT WARNING * * *
You feel sick.
The scorpion stings you but does no damage.
You are very lightly contaminated with residual magic.
It was a potion of mutation.
You feel extremely strange.
Your connection to magic feels subdued.
A pair of horns grows on your head!
You feel your magical essence link to your wands.
Your fingernails lengthen.
You hit the scorpion but do no damage.
The scorpion is severely wounded.
The scorpion stings you.
* * * LOW HITPOINT WARNING * * *
You barely miss the scorpion.
The scorpion is severely wounded.
You die...

## #. #.
##################.
+.....(............
####.#######.......
##'#######.#.....
####.......##.#.####
#..♣.......##.#.....
#..s.......##.######
#.......#####.. ....
#.......# ### ####
#......## #..?...#
#...$..# #......#


You could see a scorpion.

Vanquished Creatures
  2 adders
  An ooze (D:1)
  3 dart slugs
  3 leopard geckos
  2 orcs (D:3)
  A ball python (D:1)
  9 bats
  6 giant cockroaches
  4 goblins (D:1)
  9 hobgoblins
  A quokka (D:3)
  5 frilled lizards
  4 kobolds
  9 rats
59 creatures vanquished.

Notes
Turn   | Place    | Note
-------+----------+-------------------------------------------
     0 | D:1      | kidcy the Merfolk Skald began the quest for the Orb.
     0 | D:1      | Reached XP level 1. HP: 16/16 MP: 3/3
   105 | D:1      | Reached XP level 2. HP: 23/23 MP: 5/5
   138 | D:1      | Learned a level 2 spell: Shroud of Golubria
   449 | D:1      | Reached XP level 3. HP: 18/28 MP: 6/6
   451 | D:1      | Reached skill level 4 in Polearms
   564 | D:1      | Learned a level 3 spell: Regeneration
  1654 | D:2      | Found a blossoming altar of Fedhas.
  1670 | D:2      | Noticed an oklob plant
  1769 | D:2      | Reached XP level 4. HP: 33/34 MP: 7/7
  1799 | D:2      | Found a snail-covered altar of Cheibriados.
  1799 | D:2      | Found a basalt altar of Yredelemnul.
  2821 | D:4      | Found a bloodstained altar of Trog.
  2873 | D:4      | Gained mutation: Your spells are a little easier to cast,
                  | but a little less powerful. [potion of mutation]
  2873 | D:4      | Gained mutation: You have a pair of small horns on your
                  | head. [potion of mutation]
  2873 | D:4      | Gained mutation: You expend magic power (3 MP) to
                  | strengthen your wands. [potion of mutation]
  2873 | D:4      | Gained mutation: You have sharp fingernails. [potion of
                  | mutation]
  2874 | D:4      | HP: 1/51 [scorpion (3)]
  2875 | D:4      | Succumbed to a scorpion's poison

Skill      XL: |  1  2  3 |
---------------+----------+-----
Polearms       | 4 |  4.9
Fighting       | |  2.9
Armour         | |  0.6
Dodging        | |  2.6
Spellcasting   | |  2.6
Charms         | |  3.9

Action                   |  1- 3 |  4- 6 || total
-------------------------+-------+-------++-------
Melee: Spear             |   158 |   128 ||   286
 Cast: Regeneration      |       |     1 ||     1
  Use: Potion            |       |     5 ||     5
 Stab: Sleeping          |     2 |     1 ||     3
  Eat: Chunk             |     1 |     2 ||     3
       Ration            |     1 |       ||     1
Armor: Leather armour    |    27 |    21 ||    48
       Skin              |       |     2 ||     2
Dodge: Dodged            |    87 |    65 ||   152
